 Dungeon Crawl Stone Soup version 0.25-a0-50-gf0389da217 (webtiles) character file.

Game seed: 11266785861940624589, levelgen mode: deterministic

1218 Arixos the Conjurer (level 8, -9/54 HPs)
             Began as an Octopode Conjurer on Oct 23, 2019.
             Was a Follower of Vehumet.
             Mangled by an orc warrior
             ... wielding a +0 flail
              (12 damage)
             ... on level 6 of the Dungeon.
             The game lasted 00:30:32 (6253 turns).

Arixos the Conjurer (Octopode Conjurer)             Turns: 6253, Time: 00:30:33

Health: -9/54      AC:  1    Str:  7    XL:     8   Next: 46%
Magic:  0/15       EV: 14    Int: 20    God:    Vehumet [*.....]
Gold:   104        SH:  4    Dex: 12    Spells: 12/17 levels left

rFire    . . .     SeeInvis .   u - +2 hand axe (drain)
rCold    . . .     Gourm    .   w - +0 buckler {reflect}
rNeg     + . .     Faith    .   (helmet restricted)
rPois    .         Spirit   .   (no amulet)
rElec    .         Reflect  +   p - ring of stealth
rCorr    .         Harm     .   e - ring of positive energy
MR       .....                  (no ring)
Stlth    ++++......             (no ring)
HPRegen  0.18/turn              (no ring)
MPRegen  0.14/turn              (no ring)
                                (no ring)
                                (no ring)

@: very slightly contaminated
A: almost no armour, stealthy swim, amphibious, 8 rings, constrict 8, camouflage
1, gelatinous body 1
a: Renounce Religion


You were on level 6 of the Dungeon.
You worshipped Vehumet.
Vehumet was aware of your devotion.
You were not hungry.

You visited 2 branches of the dungeon, and saw 7 of its levels.

You collected 269 gold pieces.
You spent 165 gold pieces at shops.

Inventory:

Hand Weapons
 u - a +2 hand axe of draining (weapon)
Missiles
 d - 8 poisoned darts (quivered)
Armour
 w - a +0 buckler of reflection (worn)
Jewellery
 e - a ring of positive energy (right tentacle)
 p - a ring of stealth (left tentacle)
Wands
 n - a wand of flame (15)
Scrolls
 f - 4 scrolls of random uselessness {unknown}
 g - 5 scrolls of enchant weapon {unknown}
 i - 2 scrolls of magic mapping {unknown}
 j - 4 scrolls of remove curse {unknown}
 m - 2 scrolls of blinking {unknown}
 q - 2 scrolls of amnesia {unknown}
 r - a scroll of noise {unknown}
Potions
 a - a potion of might {unknown}
 c - a potion of heal wounds {unknown}
 h - a potion of magic {unknown}
 k - 2 potions of curing {unknown}
 l - a potion of cancellation {unknown}
 o - a potion of flight {unknown}
 s - 2 potions of invisibility {unknown}
 t - a potion of agility {unknown}
Comestibles
 b - 11 rations
 v - a chunk of flesh


   Skills:
 + Level 3.8 Fighting
 + Level 4.3 Dodging
 - Level 2.6 Stealth
 * Level 1.5 Shields
 + Level 5.0 Spellcasting
 + Level 5.7 Conjurations
 - Level 4.0 Hexes


You had 12 spell levels left.
You knew the following spells:

 Your Spells              Type           Power        Failure   Level  Hunger
a - Magic Dart            Conj           ####         1%          1    None
f - Fulminant Prism       Conj/Hex       ###.......   22%         4    ####...

Your spell library contained the following spells:

 Spells                   Type           Power        Failure   Level  Hunger
 Sandblast                Erth           #.....       16%         1    None
 Searing Ray              Conj           ####..       2%          2    None
 Dazzling Spray           Conj/Hex       ###...       6%          3    ##.....
 Iskenderun's Mystic Bla  Conj           ####....     16%         4    ####...
 Force Lance              Conj/Tloc      ###.....     43%         4    ####...


Dungeon Overview and Level Annotations

Branches:
Dungeon (6/15)             Temple (1/1) D:4

Altars:
Cheibriados
Dithmenos
Fedhas
Gozag
Hepliaklqana
Makhleb
Nemelex Xobeh
Okawaru
Qazlal
Ru
Sif Muna
Vehumet
Wu Jian
Xom
Yredelemnul
The Shining One

Shops:
D:6 [

Annotations:
D:3 3 runed translucent doors, Froggeryz's ghost, weakling OgHu


Innate Abilities, Weirdness & Mutations

You cannot wear most types of armour.
You are very stealthy in the water. (Stealth+)
You are amphibious.
You can wear up to eight rings at the same time.
You can use your tentacles to constrict eight enemies at once.
Your skin changes colour to match your surroundings (Stealth+).
Your rubbery body absorbs attacks. (AC +1, EV +1)


Message History

Vehumet accepts your kill. The gnoll completely misses you.
You hear a shout! x2
An orc comes into view. It is wielding a +0 dagger.
The orc shouts!
The orc misses you.
Things that are here:
a +0 spear; 6 gold pieces The orc closely misses you.
A worm comes into view.
The orc misses you.
Casting: Fulminant Prism (slightly dangerous; 22% risk of failure)
Confirm with . or Enter, or press ? or * to list all spells.
Aiming: Fulminant Prism (slightly dangerous; 22% risk of failure)
Press: ? - help, Dir - move target cursor You conjure a prism of explosive energy!
The orc barely misses you. The orc hits you with a +0 dagger.
* * * LOW HITPOINT WARNING * * *
The orc warrior hits you with a +0 flail!
You die...

#########..
#####.........#
#....)$.......#
#.###).........
#.##...........
#.....g........
####..ooo......
#...@*......
#....#####.. ##...#
##..## ##.## #.....
#.# #.....# ##w##
##.....#### ##...#
..........###.#.#.#
..........##.#.###.#


You could see an orc warrior, a worm, a gnoll, 2 orcs and a friendly fulminant
prism.

Vanquished Creatures
  A water moccasin (D:6)
  A sky beast (D:5)
  An ogre (D:4)
  A phantom (D:6)
  2 centaurs
  4 crimson imps
  A hound (D:4)
  A jelly (D:5)
  2 orc wizards
  2 orc priests
  An iron imp (D:6)
  A bullfrog skeleton (D:4)
  4 worker ants
  A worker ant zombie (D:5)
  3 gnolls (D:6)
  7 adders
  2 oozes
  An adder zombie (D:1)
  2 worms
  2 dart slugs
  9 orcs
  2 ball pythons
  10 bats
  8 giant cockroaches
  10 goblins
  10 hobgoblins
  12 jackals
  11 kobolds
  3 quokkas
  8 frilled lizards
  A giant cockroach zombie (D:1)
  5 rats
  A spectral orc (D:3)
130 creatures vanquished.

Vanquished Creatures (others)
  7 fulminant prisms (D:6)
7 creatures vanquished.

Grand Total: 137 creatures vanquished

Notes
Turn   | Place    | Note
-------+----------+-------------------------------------------
     0 | D:1      | Arixos the Octopode Conjurer began the quest for the Orb.
     0 | D:1      | Reached XP level 1. HP: 11/11 MP: 3/3
   165 | D:1      | Reached XP level 2. HP: 18/18 MP: 0/5
   471 | D:1      | Reached skill level 1 in Fighting
   528 | D:1      | Reached XP level 3. HP: 23/23 MP: 1/6
  1297 | D:2      | Reached XP level 4. HP: 28/28 MP: 0/7
  1363 | D:2      | Learned a level 4 spell: Fulminant Prism
  2140 | D:3      | Reached XP level 5. HP: 8/34 MP: 0/9
  2581 | D:3      | Found a shadowy altar of Dithmenos.
  2713 | D:3      | Found a basalt altar of Yredelemnul.
  2784 | D:3      | Found a runed translucent gate.
  2784 | D:3      | Found a runed translucent gate.
  2784 | D:3      | Found a runed translucent gate.
  2812 | D:3      | Reached skill level 1 in Hexes
  3521 | D:3      | Noticed Froggeryz's ghost (weakling OgHu)
  3564 | D:4      | Found a staircase to the Ecumenical Temple.
  3595 | D:4      | Found a sacrificial altar of Ru.
  3608 | Temple   | Entered the Ecumenical Temple
  3697 | Temple   | Became a worshipper of Vehumet
  3718 | D:4      | Reached XP level 6. HP: 37/39 MP: 4/10
  4106 | D:4      | Found a hazy altar of Hepliaklqana.
  4349 | D:5      | Entered Level 5 of the Dungeon
  4396 | D:5      | Reached skill level 5 in Conjurations
  4407 | D:5      | Reached XP level 7. HP: 35/45 MP: 1/12
  4933 | D:5      | Reached * piety under Vehumet
  4933 | D:5      | Offered knowledge of Sandblast by Vehumet.
  5530 | D:6      | Reached XP level 8. HP: 45/52 MP: 10/15
  5709 | D:6      | Found Tuekhloo's Antique Armour Emporium.
  5716 | D:6      | Bought a glowing buckler for 165 gold pieces
  5737 | D:6      | Reached skill level 1 in Shields
  6057 | D:6      | Found a snail-covered altar of Cheibriados.
  6159 | D:6      | Reached skill level 5 in Spellcasting
  6253 | D:6      | Mangled by an orc warrior

Levels and vault maps discovered:
D:1:      saegor_arrival_fortress, layout_basic, serial_aquarium,
          aquarium_bridge_square [aquarium_subvault_bridge,
          aquarium_subvault_wall, aquarium_subvault_wall,
          aquarium_subvault_window], aquarium_window_1, aquarium_window_2,
          aquarium_window_fake, aquarium_view_2g, aquarium_balcony_1b,
          aquarium_pool_1, moated_statue
D:2:      layout_loops_ring, minmay_tree_intersection
D:3:      minmay_chambers_of_threes, layout_basic,
          yredelemnul_forgotten_temple_becter, gammafunk_ghost_icy,
          minmay_misc_feat_plants, serial_park_tiny_2, hangedman_decor_push,
          grunt_dithmenos_smoke_and_mirrors
D:4:      layout_rooms, nicolae_ru_sacrificial_ziggurat, kennysheep_mini_moat,
          minmay_temple_entry_sparse_star, first_ration
D:5:      layout_gridville, minivault_19
D:6:      lemuel_ratsnest, layout_loops_corners, marbit_many_paths,
          slow_altar_1, serial_shops, kennysheep_mini, nicolae_shop_trees, shop
Temple:   nicolae_temple_x_marks_the_god

Skill      XL: |  1  2  3  4  5  6  7  8 |
---------------+-------------------------+-----
Fighting       | 1 2 3 |  3.8
Dodging        | 3 4 |  4.3
Spellcasting   | 3 4 5 |  5.0
Hexes          | 1 2 3 4 |  4.0
Conjurations   | 5 |  5.7
Shields        | 1 |  1.5
Stealth        | |  2.6

Action                   |  1- 3 |  4- 6 |  7- 9 || total
-------------------------+-------+-------+-------++-------
Melee: Unarmed           |    13 |     5 |       ||    18
       Constrict         |     3 |     4 |    10 ||    17
       Tentacles         |     3 |     3 |     6 ||    12
       Quarterstaff      |       |    17 |    10 ||    27
       Hand axe          |       |       |    44 ||    44
 Cast: Magic Dart        |    61 |   180 |    60 ||   301
       Fulminant Prism   |       |       |     8 ||     8
  Eat: Chunk             |     2 |     9 |     7 ||    18
Armor: Skin              |     1 |     7 |    10 ||    18
Dodge: Dodged            |     7 |    35 |    52 ||    94
Block: Buckler           |       |       |     3 ||     3

Table legend:
 A = Non-vault XP
 B = Vault XP
 C = Vault XP percentage of total XP
 D = Non-vault monster count
 E = Vault monster count
 F = Vault count percentage of total count
                 A         B        C        D         E       F
            +---------+---------+-------+---------+---------+-------
      Total |    1673 |      67 |   3.9 |     114 |      16 |  12.3
            +---------+---------+-------+---------+---------+-------
        D:1 |      46 |       7 |  13.2 |      23 |       2 |   8.0
        D:2 |      78 |       0 |   0.0 |      26 |       0 |   0.0
        D:3 |     157 |      20 |  11.3 |      24 |      13 |  35.1
        D:4 |     268 |       0 |   0.0 |      13 |       0 |   0.0
        D:5 |     585 |       0 |   0.0 |      16 |       0 |   0.0
        D:6 |     539 |      40 |   6.9 |      12 |       1 |   7.7
            +---------+---------+-------+---------+---------+-------
